 Dungeon Crawl Stone Soup version 0.29-a0-997-gf6f7e2dfe7 (webtiles) character file.

Game seed: 15942933690984556795

43 vurker the Ducker (level 3, 30/30 HPs)
             Began as a Minotaur Enchanter on Aug 4, 2022.
             Was a Follower of Sif Muna.
             Quit the game on level 1 of the Dungeon.
             The game lasted 00:01:07 (1218 turns).

vurker the Ducker (Minotaur Enchanter)              Turns: 1218, Time: 00:01:08

Health: 30/30      AC:  3    Str: 14    XL:     3   Next: 37%
Magic:  4/4        EV: 12    Int: 12    God:    Sif Muna [*.....]
Gold:   35         SH:  0    Dex: 10    Spells: 4/4 levels left

rFire   . . .      SeeInvis .   a - +1 dagger
rCold   . . .      Faith    .   (no shield)
rNeg    . . .      Spirit   .   b - +0 robe
rPois   .          Reflect  .   (helmet restricted)
rElec   .          Harm     .   (no cloak)
rCorr   .          Rampage  .   (no gloves)
Will    +....                   g - +0 pair of boots
Stlth   ++........              d - amulet of the acrobat
HPRegen 0.10/turn               i - ring of willpower
MPRegen 0.09/turn               (no ring)

@: no status effects
A: horns 2, retaliatory headbutt
a: Renounce Religion, Channel Magic


You were on level 1 of the Dungeon.
You worshipped Sif Muna.
Sif Muna was aware of your devotion.
You visited 1 branch of the dungeon, and saw 1 of its levels.

You collected 35 gold pieces.

Inventory:

Hand Weapons
 a - a +1 dagger (weapon)
Armour
 b - a +0 robe (worn)
 g - a +0 pair of boots (worn)
   (You found it on level 1 of the Dungeon)
Jewellery
 d - an amulet of the acrobat (around neck)
   (You found it on level 1 of the Dungeon)
 i - a ring of willpower (left hand)
   (You found it on level 1 of the Dungeon)
Scrolls
 f - a scroll of fear {unknown}
 j - a scroll of immolation {unknown}
Potions
 c - 2 potions of invisibility
 e - a potion of magic {unknown}
 h - a potion of lignification {unknown}


   Skills:
 * Level 2.6 Fighting
 - Level 1.1 Short Blades
 + Level 1.6 Armour
 + Level 2.8 Dodging
 - Level 2.4 Stealth
 - Level 1.3 Spellcasting
 - Level 2.0 Hexes


You had 4 spell levels left.
You didn't know any spells.
Your spell library contained the following spells:

 Spells                   Type           Power      Damage    Failure   Level
 Ensorcelled Hibernation  Hex/Ice        6%         N/A       28%         2
 Confusing Touch          Hex            5%         N/A       36%         3
 Tukima's Dance           Hex            5%         N/A       36%         3
 Dazzling Flash           Conj/Hex       6%         N/A       50%         3
 Gell's Gravitas          Tloc           0%         N/A       65%         3
 Teleport Other           Tloc           0%         N/A       65%         3
 Dispersal                Tloc           0%         N/A       100%        6


Dungeon Overview and Level Annotations

Branches:
Dungeon (1/15)

Altars:
Sif Muna


Innate Abilities, Weirdness & Mutations

You have a pair of horns on your head.
You reflexively headbutt those who attack you in melee.


Message History

The goblin completely misses you. You furiously retaliate!
You headbutt the goblin!
You kill the goblin!
No target in view!
No target in view!
No target in view!
No target in view!
No target in view!
No target in view!
No target in view!
No target in view!
No target in view!
No target in view!
No target in view!
No target in view!
A frilled lizard comes into view.
A frilled lizard is nearby!
A frilled lizard is nearby!
A frilled lizard is nearby!
The frilled lizard hisses angrily.
You hit the frilled lizard.
You kill the frilled lizard!
No target in view!
No target in view!
No target in view!
No target in view!
No target in view!
No target in view!
No target in view!
No target in view!
There is an open door here.
You open the door.
Found a faded altar of an unknown god.
There is an open door here.
You open the door.
Found a stone staircase leading down.
Things that are here:
a +0 dagger; 3 stones
Things that are here:
a +0 dagger; 3 stones You see here a +0 dagger.
There is an open door here.
There is an open door here.
Done exploring.
Done exploring.
There is a faded altar of an unknown god here.
You cannot tell which god this altar belongs to.
Convert to them anyway?
Sif Muna accepts your prayer! Sif Muna welcomes you!
You can now call upon Sif Muna for magical energy.

### ### ##########.# #.#
##.......##.########.#
##....♣♣♣.............#
##....♣♣@♣♣...##########
#....♣♣P.P♣♣..#########
####...♣♣P♣..♣♣♣...).....#
###.....♣♣PPP.PP.♣♣.######.###
#>'.....♣P.PP.PPPP♣...........
###.....♣♣###'###.♣...........
#.....♣♣#.....#♣♣...........
####..♣÷#..8..#÷♣...........
##.♣♣#.....#♣♣....)......


There were no monsters in sight!

Vanquished Creatures
  A ball python (D:1)
  3 bats (D:1)
  6 endoplasms (D:1)
  5 goblins (D:1)
  9 hobgoblins (D:1)
  A quokka (D:1)
  2 frilled lizards (D:1)
  4 kobolds (D:1)
  4 rats (D:1)
35 creatures vanquished.

Notes
Turn   | Place    | Note
-------+----------+-------------------------------------------
     0 | D:1      | vurker the Minotaur Enchanter began the quest for the Orb.
     0 | D:1      | Reached XP level 1. HP: 14/14 MP: 1/1
    27 | D:1      | Reached skill level 1 in Fighting
    88 | D:1      | Reached XP level 2. HP: 20/23 MP: 3/3
   228 | D:1      | Reached skill level 1 in Armour
   606 | D:1      | Reached XP level 3. HP: 29/29 MP: 4/4
  1124 | D:1      | Found a faded altar of an unknown god.
  1217 | D:1      | Prayed at the altar of an unknown god.
  1217 | D:1      | Became a worshipper of Sif Muna the Loreminder
  1217 | D:1      | Reached * piety under Sif Muna
  1218 | D:1      | Quit the game

Illustrated notes

Levels and vault maps discovered:
D:1:      lemuel_arrival_behind_the_door_small, layout_basic,
          dilly_ecumenical_altar_fadedgnrine, minmay_box_of_dots

Skill      XL: |  1  2 |
---------------+-------+-----
Fighting       | 1 2 |  2.6
Armour         | 1 |  1.6
Short Blades   | |  1.1
Dodging        | |  2.8
Stealth        | |  2.4
Spellcasting   | |  1.3
Hexes          | |  2.0

Action                   || total
-------------------------++-------
Melee: Dagger            ||    72
       Headbutt          ||    14
 Stab: Sleeping          ||     6
Armor: Robe              ||    14
Dodge: Dodged            ||    40

Table legend: (Time is in decaauts)
 A = Elapsed time spent in this place.
 B = Non-inter-level travel time spent in this place.
 C = Inter-level travel time spent in this place.
 D = Time resting spent in this place.
 E = Time spent auto-exploring this place.
 F = Levels seen in this place.
 G = Mean time per level.
                   A        B        C        D        E       F      G
               +--------+--------+--------+--------+--------+-----+--------+
         Total |   1213 |   1213 |      0 |      0 |   1012 |   1 | 1213.0 |
       Dungeon |   1213 |   1213 |      0 |      0 |   1012 |   1 | 1213.0 |
               +--------+--------+--------+--------+--------+-----+--------+

Top non-repeatable levels by time:
     D:1: 1213 daAuts
